 Dungeon Crawl Stone Soup version 0.16.2-12-gd0ad4c3 (webtiles) character file.

74 Peloso the Shield-Bearer (level 4, -1/40 HPs)
             Began as a Minotaur Fighter on Nov 1, 2015.
             Killed by nerve-wracking pain
             ... invoked by an orc priest
              (9 damage)
             ... on level 3 of the Dungeon.
             The game lasted 00:05:39 (1454 turns).

Peloso the Shield-Bearer (Minotaur Fighter)         Turns: 1454, Time: 00:05:39

Health: -1/40      AC:  9    Str: 21    XL:     4   Next: 9%
Magic:  2/2        EV:  6    Int:  5    God:
Gold:   117        SH:  9    Dex: 10    Spells: 0 memorised, 3 levels left

rFire  . . .     SeeInvis .     a - +0 long sword
rCold  . . .     Clarity  .     m - +0 chain mail
rNeg   . . .     SustAb   .     c - +0 shield
rPois  .         Gourm    .     (helmet restricted)
rElec  .         Spirit   .     (no cloak)
rCorr  .         Warding  .     (no gloves)
rMut   .         Stasis   .     (no boots)
MR     .....                    (no amulet)
Stlth  ..........               (no ring)
                                (no ring)

@: not resistant to hostile enchantments, extremely unstealthy
A: retaliatory headbutt, horns 2
a: no special abilities


You were on level 3 of the Dungeon.
You were near starving.

You visited 1 branch of the dungeon, and saw 3 of its levels.

You collected 117 gold pieces.

Inventory:

Hand weapons
 a - a +0 long sword (weapon)
Armour
 b - a +0 scale mail
 c - a +0 shield (worn)
 m - a +0 chain mail (worn)
Scrolls
 f - a scroll of fear {unknown}
 g - a scroll of amnesia {unknown}
 k - a scroll of remove curse {unknown}
 l - 3 scrolls of identify {unknown}
 n - a scroll of fog {unknown}
 p - a scroll of immolation {unknown}
 q - a scroll of blinking {unknown}
Potions
 e - 3 potions of might
 o - 2 potions of cancellation {unknown}
 r - a potion of curing {unknown}
Comestibles
 d - a bread ration
 h - a beef jerky
 i - 3 meat rations
 j - 3 chunks of flesh


   Skills:
 + Level 4.0 Fighting
 + Level 2.8 Long Blades
 + Level 4.4 Armour
 + Level 0.7 Dodging
 + Level 4.7 Shields


You had 3 spell levels left.
You didn't know any spells.

Dungeon Overview and Level Annotations

Branches:
Dungeon (3/15)

Altars:
The Shining One


Innate Abilities, Weirdness & Mutations

You reflexively headbutt those who attack you in melee.
You have a pair of horns on your head.


Message History

The orc is severely wounded.
The orc hits you but does no damage.
The orc priest calls upon Beogh to heal the orc.
The orc is healed somewhat.
You block the orc's attack.
An orc priest comes into view. It is wielding a short sword.
You hit the orc but do no damage. Your headbutt misses the orc.
The orc is lightly wounded.
You block the orc priest's attack.
The orc priest invokes the aid of Beogh against you.
Something smites you!
An orc comes into view.
The orc priest calls down the wrath of Beogh upon you.
Something smites you!
* * * LOW HITPOINT WARNING * * *
You block the orc priest's attack.
The orc priest hits you but does no damage.
You barely miss the orc priest.
The orc priest invokes the aid of Beogh against you.
Pain shoots through your body!
You die...

######+#....# ..# #
#......####.#..# . #
#......'....#..# ..#
###.†....######..#
..
.....##########..#..
.....# ......[.#.
.....# .(.....o.
.....# .......oo#
.....# .......o@#
.....# .......†o#
################.#
...............#$#
##############.#.#
#.#.# #.#.# #.#.#
#.#.##########


You could see 3 orc priests and 2 orcs.

Vanquished Creatures
  2 adders (D:2)
  A giant gecko (D:1)
  An orc (D:3)
  3 giant cockroaches
  9 goblins
  10 hobgoblins
  3 kobolds
  2 oozes
  5 bats
  6 giant newts
  A quokka (D:2)
  8 rats
51 creatures vanquished.

Vanquished Creatures (others)
  A rat (D:1)
1 creature vanquished.

Grand Total: 52 creatures vanquished

Notes
Turn   | Place    | Note
--------------------------------------------------------------
     0 | D:1      | Peloso, the Minotaur Fighter, began the quest for the Orb.
     0 | D:1      | Reached XP level 1. HP: 19/19 MP: 1/1
   217 | D:1      | Reached skill level 4 in Shields
   257 | D:1      | Reached XP level 2. HP: 27/27 MP: 1/1
   792 | D:2      | Reached XP level 3. HP: 30/33 MP: 2/2
   818 | D:2      | Found a glowing golden altar of the Shining One.
  1317 | D:3      | Reached XP level 4. HP: 40/40 MP: 2/2
  1454 | D:3      | Killed from afar by an orc priest

Action                   |  1- 3 |  4- 6 || total
-------------------------+-------+-------++-------
Melee: Long sword        |   127 |    10 ||   137
